[Event "Titled Tuesday Blitz October 11 Early 2022"]
[White "Terry, Renato"]
[Black "Aloma Vidal, Robert"]
[WhiteFideId "3803457"]
[BlackFideId "2260409"]
[WhiteElo "2577"]
[BlackElo "2435"]
[Result "1-0"]
[Round "02"]
[TimeControl "180+1"]
[Date "2022.10.11"]
[WhiteClock "0:00:43"]
[BlackClock "0:00:07"]

1. d4 d5 2. Bg5 f6 3. Bf4 Nc6 4. Nf3 Bg4 5. Nbd2 e6 6. e3 Bd6 7. Bg3 Nge7 8. Be2 O-O 9. c4 Nf5 10. cxd5 exd5 11. Qb3 Nce7 12. O-O a5 13. a3 c6 14. Rac1 b5 15. Ne4 Bxg3 16. hxg3 a4 17. Qa2 Re8 18. Nc5 Nd6 19. Rfe1 Qb6 20. Bd3 Bxf3 21. gxf3 f5 22. Kg2 g6 23. Rh1 Kg7 24. Ne6+ Kf6 25. Nc5 Kg7 26. Ne6+ Kf6 27. Nf4 Kg7 28. Rh3 Ng8 29. Rch1 Nf6 30. g4 fxg4 31. fxg4 Nf7 32. Rh4 Rh8 33. Qb1 Ng5 34. Bxg6 Nfe4 35. Bxe4 dxe4 36. Qa2 Rae8 37. Rh6 Qc7 38. b3 Qd7 39. Kg3 Nf7 40. Nh5+ Kf8 41. Nf6 Qd6+ 42. Kg2 Re6 43. Nxh7+ Kg7 44. R6h5 Rg6 45. bxa4 Rxg4+ 46. Kf1 Nh6 47. Rg5+ Rxg5 48. Nxg5 Qf6 49. Rg1 Kf8 50. axb5 Nf5 51. Ke1 Rh2 52. Qe6 Qxe6 53. Nxe6+ Ke7 54. Nc5 cxb5 55. Nxe4 Nd6 56. Nxd6 Kxd6 57. Rg5 Kc6 58. Rc5+ Kb6 59. Ke2 Rh1 60. Rc3 Ra1 61. d5 Ra2+ 62. Kf3 b4 63. axb4 1-0


[Site "https://www.chess.com"]

[Event "Titled Tuesday Blitz October 11 Early 2022"]
[White "Timofeev, Artyom"]
[Black "Prokofiev, Valentyn"]
[WhiteFideId "4140419"]
[BlackFideId "14160161"]
[WhiteElo "2579"]
[BlackElo "2259"]
[Result "1-0"]
[Round "02"]
[TimeControl "180+1"]
[Date "2022.10.11"]
[WhiteClock "0:01:06"]
[BlackClock "0:00:08"]

1. e4 c5 2. Nf3 d6 3. d4 cxd4 4. Nxd4 Nf6 5. Nc3 a6 6. Be3 e5 7. Nf3 Be7 8. Bc4 O-O 9. O-O Be6 10. Qd3 Qc8 11. Bb3 Nc6 12. Bg5 Rd8 13. Bxf6 Bxf6 14. Nd5 Rb8 15. Rfd1 b5 16. Nxf6+ gxf6 17. c3 Na5 18. Bd5 Nc4 19. Qe2 f5 20. Ng5 Bxd5 21. Rxd5 h6 22. Nf3 fxe4 23. Qxe4 Qe6 24. Nh4 Nb6 25. Rd3 d5 26. Rg3+ Kh8 27. Qe3 Nc4 28. Qc1 Rg8 29. b3 Nd6 30. Qe3 Ne4 31. Rxg8+ Rxg8 32. Nf3 f6 33. Qxh6# 1-0


[Site "https://www.chess.com"]

[Event "Titled Tuesday Blitz October 11 Early 2022"]
[White "Toshali, V"]
[Black "Piesik, Piotr"]
[WhiteFideId "5072611"]
[BlackFideId "1136194"]
[WhiteElo "1973"]
[BlackElo "2323"]
[Result "0-1"]
[Round "02"]
[TimeControl "180+1"]
[Date "2022.10.12"]
[WhiteClock "0:00:14"]
[BlackClock "0:01:13"]

1. d4 c5 2. c3 Nf6 3. Nf3 d5 4. Bf4 Bf5 5. Nbd2 Nbd7 6. Qb3 Qb6 7. dxc5 Nxc5 8. Qxb6 axb6 9. Nd4 Bd7 10. g3 e6 11. Bg2 Be7 12. O-O O-O 13. N2b3 Rfc8 14. Nf3 Nfe4 15. Ne5 Be8 16. f3 Nd6 17. Rfd1 f6 18. Nd3 Na4 19. Bxd6 Bxd6 20. Nd4 Bd7 21. e4 dxe4 22. fxe4 e5 23. Ne2 Bb5 24. Nec1 Be7 25. Kf2 Rd8 26. Bf1 Bc4 27. b3 Nxc3 28. Rd2 Nxe4+ 29. Ke3 Nxd2 30. Kxd2 Bxd3 31. Bxd3 e4 32. Ke3 exd3 33. Nxd3 Bc5+ 34. Nxc5 bxc5 35. Rd1 Rxd1 0-1


[Site "https://www.chess.com"]

[Event "Titled Tuesday Blitz October 11 Early 2022"]
[White "Trimitzios, Petros"]
[Black "Migot, Tangi"]
[WhiteFideId "25808796"]
[BlackFideId "662445"]
[WhiteElo "2265"]
[BlackElo "2468"]
[Result "1-0"]
[Round "02"]
[TimeControl "180+1"]
[Date "2022.10.12"]
[WhiteClock "0:02:46"]
[BlackClock "0:01:36"]

1. b3 d5 2. Bb2 c5 3. Nf3 Nc6 4. g3 Bg4 5. Bg2 e6 6. O-O Nf6 7. c4 d4 8. h3 Bh5 9. d3 Be7 10. Nbd2 O-O 11. a3 a5 12. Qc2 e5 13. Rfe1 Bd6 14. Ng5 Qc7 15. Nge4 Nxe4 16. Nxe4 f5 17. Nxd6 Qxd6 18. Bc1 f4 19. Bd2 fxg3 20. fxg3 e4 21. g4 Bg6 22. dxe4 Rae8 23. Rf1 Ne5 24. Bf4 Qe6 25. Qd2 Nc6 26. e5 b6 27. Bd5 1-0


[Site "https://www.chess.com"]

[Event "Titled Tuesday Blitz October 11 Early 2022"]
[White "Tristan, Leonardo"]
[Black "Boraso, Alessio"]
[WhiteFideId "113816"]
[BlackFideId "848077"]
[WhiteElo "2446"]
[BlackElo "2286"]
[Result "1-0"]
[Round "02"]
[TimeControl "180+1"]
[Date "2022.10.12"]
[WhiteClock "0:00:28"]
[BlackClock "0:00:01"]

1. d4 Nf6 2. Nf3 d5 3. Bf4 e6 4. e3 Bd6 5. Bg3 O-O 6. c4 Ne4 7. Nc3 f5 8. Bxd6 Qxd6 9. Bd3 c6 10. O-O Nd7 11. Rc1 Ndf6 12. Ne5 Bd7 13. f3 Nxc3 14. Rxc3 Be8 15. Qd2 Bh5 16. cxd5 exd5 17. Bxf5 Rae8 18. a3 g5 19. g4 Bf7 20. b4 Be6 21. Bb1 Nd7 22. f4 Nf6 23. Qg2 Nd7 24. Qg3 Re7 25. h4 gxh4 26. Qxh4 Rg7 27. Kh2 Nxe5 28. dxe5 Qd7 29. f5 Qc7 30. Qg3 Rg5 31. e4 Qg7 32. Rg1 d4 33. Rf3 h5 34. gxh5 Rxh5+ 35. Qh3 Rxh3+ 36. Rxh3 Bc4 37. Rxg7+ Kxg7 38. Bd3 Bxd3 39. Rxd3 Re8 40. Rxd4 Rxe5 41. Kg3 Kf6 42. Kf4 Re7 43. e5+ Kf7 44. f6 Re8 45. Kf5 Rh8 46. e6+ Ke8 47. f7+ Ke7 48. Rd7+ Kf8 49. Rd8+ 1-0


[Site "https://www.chess.com"]

[Event "Titled Tuesday Blitz October 11 Early 2022"]
[White "Troltenier, Dirk"]
[Black "Kouskoutis, Georgios-Alexandros"]
[WhiteFideId "4606400"]
[BlackFideId "4234049"]
[WhiteElo "2273"]
[BlackElo "2187"]
[Result "0-1"]
[Round "02"]
[TimeControl "180+1"]
[Date "2022.10.12"]
[WhiteClock "0:00:00"]
[BlackClock "0:00:04"]

1. e4 c5 2. c3 g6 3. d4 cxd4 4. cxd4 d5 5. exd5 Nf6 6. Nc3 Bg7 7. Qb3 O-O 8. Be2 a6 9. Bf3 Nbd7 10. Nge2 Ne8 11. O-O Nd6 12. Bf4 b5 13. a4 bxa4 14. Nxa4 Rb8 15. Qd3 Rb4 16. Rfc1 Nb6 17. Nc5 Bf5 18. Qd2 Rc4 19. b3 Rxc1+ 20. Qxc1 Nd7 21. Rxa6 Nb5 22. Qc4 Nd6 23. Bxd6 exd6 24. Rxd6 Qe7 25. Nxd7 Qxd6 26. Nxf8 Bxf8 27. Nc3 Qa3 28. Ne2 Qa1+ 29. Qc1 Qa2 30. g4 Bd7 31. Qc7 Bb5 32. Nc3 Qa1+ 33. Kg2 Qf1+ 34. Kg3 Qg1+ 35. Kh3 Bf1+ 36. Kh4 Qxf2+ 37. Qg3 Be7+ 38. g5 Qxd4+ 39. Ne4 h6 40. Qg4 hxg5+ 41. Kg3 Qe5+ 42. Kf2 Ba6 43. d6 Bxd6 44. Nxg5 Qxh2+ 45. Ke3 Qe5+ 46. Kf2 Bc5+ 47. Kg2 Qb2+ 0-1


[Site "https://www.chess.com"]

[Event "Titled Tuesday Blitz October 11 Early 2022"]
[White "Turayev, Shahruh"]
[Black "Zhigalko, Sergei"]
[WhiteFideId "14003856"]
[BlackFideId "13502956"]
[WhiteElo "2623"]
[BlackElo "2662"]
[Result "1/2-1/2"]
[Round "02"]
[TimeControl "180+1"]
[Date "2022.10.11"]
[WhiteClock "0:00:04"]
[BlackClock "0:00:03"]

1. e4 c5 2. Nc3 Nc6 3. Bb5 Nd4 4. Bc4 e6 5. Nge2 Nf6 6. O-O a6 7. a4 Qc7 8. d3 Be7 9. Nxd4 cxd4 10. Ne2 Nxe4 11. Nxd4 Nf6 12. Bb3 b6 13. Ne2 Bb7 14. Bf4 Qc6 15. f3 Nd5 16. Bd2 O-O 17. Ng3 f5 18. Kh1 Rf6 19. Bg5 Rf7 20. Bxd5 Qxd5 21. Bxe7 Rxe7 22. d4 g5 23. Qd2 Rg7 24. Rae1 Rf8 25. c3 Qc4 26. Ra1 g4 27. Nh5 Rg6 28. Nf4 Rh6 29. Nd3 Kg7 30. Ne5 Qd5 31. Qg5+ Rg6 32. Qe7+ Kg8 33. Nxg6 hxg6 34. Qg5 Kg7 35. Rae1 gxf3 36. gxf3 Qd6 37. Re2 Rh8 38. Rg2 Rh6 39. Qg3 Qd5 40. Qg5 Qd6 41. Qg3 Qd5 42. Qe5+ Qxe5 43. dxe5 Rh4 44. b3 Rf4 45. Rgf2 b5 46. axb5 axb5 47. Kg2 Bd5 48. Rd2 g5 49. Rd4 Rxd4 50. cxd4 g4 51. Kg3 gxf3 52. b4 Kg6 53. h3 Kg5 54. Ra1 f4+ 55. Kf2 Kf5 56. Re1 Bc6 57. Rg1 Ke4 58. h4 Kxd4 59. h5 Kxe5 60. h6 Be4 61. Rg8 d5 62. Rg7 Kd4 63. h7 Bxh7 64. Rxh7 Kc4 65. Kxf3 Kxb4 66. Kxf4 Kc3 67. Rc7+ Kd4 68. Rb7 Kc4 69. Ke5 b4 70. Rc7+ Kd3 71. Rb7 Kc3 72. Rc7+ Kd3 73. Rb7 Kc4 74. Rc7+ Kd3 1/2-1/2


[Site "https://www.chess.com"]

[Event "Titled Tuesday Blitz October 11 Early 2022"]
[White "Turutin, Alexander"]
[Black "Hoffmann, Asa"]
[WhiteFideId "4180623"]
[BlackFideId "2001470"]
[WhiteElo "2402"]
[BlackElo "2117"]
[Result "1-0"]
[Round "02"]
[TimeControl "180+1"]
[Date "2022.10.12"]
[WhiteClock "0:00:08"]
[BlackClock "0:00:08"]

1. e4 d6 2. d4 Nf6 3. Nc3 c6 4. f4 Qa5 5. Bd3 e5 6. Nf3 exd4 7. Nxd4 Qb6 8. Nf3 Be7 9. Qe2 O-O 10. h3 Nbd7 11. g4 Nc5 12. Rb1 Re8 13. Be3 Nxd3+ 14. cxd3 Qc7 15. O-O Bf8 16. Bd4 Nd7 17. Qf2 b5 18. Rbc1 Qb7 19. g5 b4 20. Ne2 c5 21. Be3 a5 22. Ng3 Nb6 23. Rfd1 Bxh3 24. f5 Bg4 25. Rd2 Bxf3 26. Qxf3 Nd7 27. Rh2 g6 28. Qg2 Bg7 29. Qh3 Nf8 30. f6 Bh8 31. Bf4 Qb5 32. Bxd6 Qxd3 33. Bxf8 Qe3+ 34. Kg2 Qd2+ 35. Kh1 Qxc1+ 36. Nf1 h5 37. gxh6 Rxe4 38. Bg7 1-0


[Site "https://www.chess.com"]

[Event "Titled Tuesday Blitz October 11 Early 2022"]
[White "Tworuszka, Michal"]
[Black "Perrine, Dalton"]
[WhiteFideId "1117858"]
[BlackFideId "2048434"]
[WhiteElo "2320"]
[BlackElo "2529"]
[Result "1-0"]
[Round "02"]
[TimeControl "180+1"]
[Date "2022.10.12"]
[WhiteClock "0:00:02"]
[BlackClock "0:00:04"]

1. d4 Nf6 2. c4 c5 3. d5 b5 4. cxb5 a6 5. e3 e6 6. Nc3 exd5 7. Nxd5 Bb7 8. Nxf6+ Qxf6 9. bxa6 Bxa6 10. Bxa6 Qxa6 11. Ne2 Nc6 12. O-O Nb4 13. Bd2 Be7 14. Bxb4 cxb4 15. Nd4 O-O 16. Qg4 Bf6 17. Qxd7 Rfd8 18. Qg4 Bxd4 19. exd4 Qc4 20. Rfd1 Rxa2 21. Rxa2 Qxa2 22. Qg5 Rd5 23. Qc1 g6 24. Qd2 Qc4 25. h3 h5 26. Qe3 Kg7 27. g3 Qc2 28. Rd2 Qc1+ 29. Kg2 Qc6 30. Kh2 Qd6 31. Qe4 f5 32. Qd3 h4 33. Qe3 Kf6 34. Kg1 hxg3 35. fxg3 Kg7 36. h4 Qd8 37. Kh2 Kf7 38. Kg2 Qf6 39. Re2 Rxd4 40. Qe8+ Kg7 41. Re7+ Kh6 42. Kh3 Rd2 43. Rf7 Qd4 44. Qf8+ Kh5 45. Rh7# 1-0


[Site "https://www.chess.com"]

[Event "Titled Tuesday Blitz October 11 Early 2022"]
[White "Tymrakiewicz, Rafal"]
[Black "Predke, Alexandr"]
[WhiteFideId "1108832"]
[BlackFideId "24107581"]
[WhiteElo "2138"]
[BlackElo "2614"]
[Result "0-1"]
[Round "02"]
[TimeControl "180+1"]
[Date "2022.10.12"]
[WhiteClock "0:00:02"]
[BlackClock "0:00:31"]

1. d4 Nf6 2. Bg5 e6 3. Nd2 h6 4. Bh4 c5 5. e3 cxd4 6. exd4 Be7 7. Bd3 b6 8. Ngf3 Ba6 9. Bxa6 Nxa6 10. O-O O-O 11. Re1 Nc7 12. Ne5 b5 13. c3 a6 14. f4 Nfd5 15. Bxe7 Nxe7 16. Qf3 Ncd5 17. Re2 d6 18. Nd3 Rc8 19. Rae1 Nb6 20. Qb7 Ned5 21. Qxa6 Qd7 22. Qa3 Nc4 23. Qb3 Qa7 24. a3 Rc7 25. Qd1 Nxb2 26. Nxb2 Nxc3 27. Qb3 Qxd4+ 28. Re3 Qxd2 29. f5 Nd5 30. R3e2 Qd4+ 31. Kh1 Nf4 32. Re4 Qf2 33. Qg3 Rc2 34. Rxf4 Qxg3 35. hxg3 Rxb2 36. fxe6 fxe6 37. Rxf8+ Kxf8 38. Rxe6 Rd2 39. Kg1 Kf7 40. Re3 Rd5 41. Kf2 Rf5+ 42. Kg1 Re5 43. Rc3 Ke6 44. Kf2 Rc5 45. Re3+ Kd7 46. Kf3 Rf5+ 47. Kg4 g6 0-1


[Site "https://www.chess.com"]

[Event "Titled Tuesday Blitz October 11 Early 2022"]
[White "Ulziikhishigjargal, Ochirkhuyag"]
[Black "Martinez Alcantara, Jose Eduardo"]
[WhiteFideId "4903188"]
[BlackFideId "3805662"]
[WhiteElo "1920"]
[BlackElo "2703"]
[Result "0-1"]
[Round "02"]
[TimeControl "180+1"]
[Date "2022.10.11"]
[WhiteClock "0:00:13"]
[BlackClock "0:02:34"]

1. d4 Nf6 2. Nf3 e6 3. Bf4 b6 4. e3 Bb7 5. Nbd2 Be7 6. Bd3 O-O 7. O-O c5 8. c3 cxd4 9. exd4 d6 10. Qe2 Nbd7 11. Rad1 Re8 12. Rfe1 Qc7 13. Nf1 Bf8 14. Ng3 e5 15. dxe5 dxe5 16. Nxe5 Bd6 17. Nxd7 Rxe2 18. Nxf6+ gxf6 19. Bxe2 Bxf4 20. Bf3 Bxf3 21. gxf3 Bxg3 22. hxg3 Rd8 23. Kg2 Kg7 24. a3 Rxd1 25. Rxd1 Qc6 26. Rd4 a5 27. a4 Qe6 28. b4 Qb3 29. bxa5 bxa5 30. Rg4+ Kf8 31. Rf4 Qxc3 32. Re4 f5 33. Rf4 Qc2 34. Kg1 Kg7 35. Kg2 Kg6 36. Kg1 Kg5 37. Kg2 Qc1 38. Rh4 h5 39. Rd4 Qc3 40. Rf4 Qd3 41. Rh4 Qd6 42. Rc4 Qd5 43. Rf4 Kf6 44. Rh4 Qd1 45. Rc4 Qb3 46. Rh4 Ke5 47. Rf4 f6 48. Kg1 Qa3 49. Kg2 Qc3 50. Rh4 Qb4 51. Kf1 Qxh4 52. gxh4 Kd4 53. Ke2 f4 54. Kd2 Kc4 55. Kc2 Kb4 56. Kb2 Kxa4 57. Ka2 Kb4 58. Kb2 a4 59. Ka2 Kc3 60. Ka3 Kd2 61. Kxa4 Ke2 62. Kb4 Kxf2 63. Kc4 Kxf3 64. Kd5 Kg3 65. Ke6 f3 66. Kxf6 f2 67. Kg5 f1=Q 68. Kxh5 Qf5+ 69. Kh6 Kxh4 70. Kg7 Kg5 71. Kh8 Qd7 72. Kg8 Kg6 73. Kf8 Qd8# 0-1


[Site "https://www.chess.com"]

[Event "Titled Tuesday Blitz October 11 Early 2022"]
[White "Urazayev, Arystanbek"]
[Black "Ambartsumova, Karina"]
[WhiteFideId "13709810"]
[BlackFideId "4166299"]
[WhiteElo "2441"]
[BlackElo "2299"]
[Result "1-0"]
[Round "02"]
[TimeControl "180+1"]
[Date "2022.10.12"]
[WhiteClock "0:00:27"]
[BlackClock "0:00:12"]

1. d4 Nf6 2. c4 g6 3. Nc3 Bg7 4. e4 O-O 5. Be2 d6 6. Nf3 h6 7. O-O e5 8. Qc2 a5 9. Rd1 Qe7 10. h3 Na6 11. Be3 Nh7 12. Nd5 Qe8 13. dxe5 dxe5 14. c5 Nb4 15. Qb3 Be6 16. Bc4 Bxd5 17. exd5 e4 18. Nd4 c6 19. d6 Qe5 20. a3 Nd5 21. Bxd5 cxd5 22. Qxb7 Rab8 23. Qc7 Rxb2 24. Nc6 Qf6 25. Bd4 Qg5 26. Bxb2 Bxb2 27. d7 Bf6 28. Qd6 e3 29. fxe3 Qxe3+ 30. Kh1 Qg5 31. Rab1 d4 32. Rb8 Qh5 33. Rxf8+ Nxf8 34. Rf1 Qg5 35. Qxf6 1-0


[Site "https://www.chess.com"]

[Event "Titled Tuesday Blitz October 11 Early 2022"]
[White "Urbina Perez, Juan Antonio"]
[Black "Donchenko, Alexander"]
[WhiteFideId "2217368"]
[BlackFideId "24603295"]
[WhiteElo "2197"]
[BlackElo "2572"]
[Result "0-1"]
[Round "02"]
[TimeControl "180+1"]
[Date "2022.10.12"]
[WhiteClock "0:00:15"]
[BlackClock "0:02:07"]

1. e4 c6 2. d4 d5 3. e5 Bf5 4. Nd2 e6 5. Nb3 Nd7 6. Nf3 Ne7 7. Be2 h6 8. O-O g5 9. Bd3 Qc7 10. a4 Bg7 11. a5 a6 12. c3 c5 13. Bxf5 Nxf5 14. Re1 O-O 15. dxc5 Nxe5 16. Nxe5 Bxe5 17. h3 Bg7 18. Be3 Rad8 19. Qc1 Rfe8 20. Ra4 e5 21. Bxg5 hxg5 22. Qxg5 Qd7 23. Rg4 Kf8 24. c6 bxc6 25. Nc5 Qe7 26. Qxf5 Qxc5 27. Qh7 Bf6 28. Qf5 Qd6 29. Rh4 Bxh4 0-1


[Site "https://www.chess.com"]

[Event "Titled Tuesday Blitz October 11 Early 2022"]
[White "Vaibhav Jayant Raut"]
[Black "Zomorrodian, Eilia"]
[WhiteFideId "5089034"]
[BlackFideId "12551805"]
[WhiteElo "2147"]
[BlackElo "2078"]
[Result "1-0"]
[Round "02"]
[TimeControl "180+1"]
[Date "2022.10.12"]
[WhiteClock "0:00:07"]
[BlackClock "0:00:07"]

1. d4 Nf6 2. Nf3 g6 3. Bf4 Bg7 4. e3 O-O 5. h3 d6 6. Nbd2 c5 7. c3 Nc6 8. Be2 Bf5 9. O-O a6 10. a4 cxd4 11. exd4 h6 12. Re1 g5 13. Bh2 Bg6 14. Qb3 Qd7 15. Nc4 Rae8 16. Rad1 Nd5 17. Nxd6 exd6 18. Qxd5 Re6 19. Qa2 d5 20. Bf1 Rfe8 21. Qa1 Bc2 22. Rxe6 Rxe6 23. Re1 Na5 24. Rxe6 Qxe6 25. Be5 f6 26. Bc7 Nc4 27. a5 Be4 28. b3 Nd6 29. Bxd6 Qxd6 30. Nd2 Bg6 31. Qe1 h5 32. b4 g4 33. hxg4 hxg4 34. g3 Bh6 35. Nb3 Be4 36. Bg2 f5 37. Nc5 Qc6 38. Bxe4 fxe4 39. Qe2 Qg6 40. c4 e3 41. cxd5 Qb1+ 42. Kg2 Qxb4 43. Qxg4+ Kh8 44. Qc8+ Kh7 45. Qd7+ Bg7 46. Qf5+ Kg8 47. Qe6+ Kh8 48. fxe3 Qd2+ 49. Kh3 Qd1 50. Qc8+ Kh7 51. Qf5+ Kg8 52. Qe4 Qh5+ 53. Kg2 Qd1 54. Qe6+ Kh8 55. Qc8+ Kh7 56. Qf5+ Kh8 57. Qf3 Qd2+ 58. Kh3 Qxa5 59. d6 Qb5 60. d7 Qb6 61. Qh5+ Kg8 62. Qe8+ Kh7 63. d8=Q Qh6+ 64. Qh4 Qxh4+ 65. Kxh4 1-0


[Site "https://www.chess.com"]

[Event "Titled Tuesday Blitz October 11 Early 2022"]
[White "Van Foreest, Jorden"]
[Black "Huber, Benedikt"]
[WhiteFideId "1039784"]
[BlackFideId "12923583"]
[WhiteElo "2649"]
[BlackElo "2199"]
[Result "1-0"]
[Round "02"]
[TimeControl "180+1"]
[Date "2022.10.12"]
[WhiteClock "0:01:31"]
[BlackClock "0:00:11"]

1. d4 e6 2. Nf3 f5 3. Bg5 Be7 4. Bxe7 Qxe7 5. Nc3 Nf6 6. e3 b6 7. Bc4 d6 8. Qe2 O-O 9. Bb3 Ba6 10. Qd2 Ne4 11. Nxe4 fxe4 12. Ng1 c5 13. a3 cxd4 14. exd4 Nc6 15. Nh3 Rac8 16. Ba2 Qf6 17. c3 Kh8 18. Ng5 d5 19. f3 h6 20. h4 Bd3 21. Qe3 e5 22. dxe5 Qxe5 23. fxe4 dxe4 24. Nf7+ Rxf7 25. Bxf7 Na5 26. Qg5 Qc7 27. Be6 Re8 28. Qg6 Qe7 29. Bf5 Nc4 30. Qh7# 1-0


[Site "https://www.chess.com"]

[Event "Titled Tuesday Blitz October 11 Early 2022"]
[White "Villamayor, Buenaventura"]
[Black "Marin Ramirez, Gerardo"]
[WhiteFideId "5200393"]
[BlackFideId "3901068"]
[WhiteElo "2301"]
[BlackElo "2041"]
[Result "1-0"]
[Round "02"]
[TimeControl "180+1"]
[Date "2022.10.12"]
[WhiteClock "0:01:07"]
[BlackClock "0:00:03"]

1. e4 c5 2. c3 d5 3. exd5 Qxd5 4. d4 e6 5. Nf3 Nf6 6. Be2 Be7 7. Na3 O-O 8. Nb5 Na6 9. Be3 Bd7 10. c4 Qf5 11. Bd3 Qh5 12. O-O cxd4 13. Bxd4 Bc6 14. Be2 Rfd8 15. h3 Bc5 16. Qb3 Ne4 17. Rad1 Qh6 18. Bxc5 Naxc5 19. Qa3 a6 20. Nbd4 Be8 21. b4 Nd7 22. c5 Ndf6 23. Bc4 Nd5 24. Rfe1 Nec3 25. Rd3 Nb5 26. Qa5 1-0


[Site "https://www.chess.com"]

[Event "Titled Tuesday Blitz October 11 Early 2022"]
[White "Villanueva, Nelson"]
[Black "Kosteniuk, Alexandra"]
[WhiteFideId "5204127"]
[BlackFideId "4128125"]
[WhiteElo "2278"]
[BlackElo "2469"]
[Result "0-1"]
[Round "02"]
[TimeControl "180+1"]
[Date "2022.10.12"]
[WhiteClock "0:00:11"]
[BlackClock "0:00:19"]

1. d4 f5 2. c4 Nf6 3. Nf3 g6 4. g3 Bg7 5. Bg2 O-O 6. O-O d6 7. Nc3 a5 8. Qc2 Na6 9. a3 c5 10. Rd1 Qe8 11. Bg5 Bd7 12. dxc5 Nxc5 13. Bxf6 Bxf6 14. Nd5 Ba4 15. Qd2 Nb3 16. Qe3 Nxa1 17. Rxa1 Bc6 18. Nc7 Qf7 19. Nxa8 Rxa8 20. Qd2 Qxc4 21. Rc1 Qd5 22. Qc2 Qb5 23. b3 a4 24. b4 Rc8 25. Qd2 Bd7 26. Rxc8+ Bxc8 27. h4 Be6 28. Ng5 Bb3 29. e4 b6 30. exf5 Qxf5 31. Qe3 b5 32. Bh3 Qe5 33. Qf3 Bd5 34. Qg4 Qe1+ 35. Bf1 Bc4 0-1


[Site "https://www.chess.com"]

[Event "Titled Tuesday Blitz October 11 Early 2022"]
[White "Visakh N R"]
[Black "Shaik Sumer Arsh"]
[WhiteFideId "25012223"]
[BlackFideId "45020000"]
[WhiteElo "2466"]
[BlackElo "2190"]
[Result "1-0"]
[Round "02"]
[TimeControl "180+1"]
[Date "2022.10.12"]
[WhiteClock "0:00:26"]
[BlackClock "0:00:01"]

1. Nf3 d5 2. b3 Bg4 3. Bb2 Nd7 4. e3 c6 5. Be2 e6 6. O-O Ngf6 7. c4 Bd6 8. d4 Qe7 9. Ne5 Bf5 10. Nd2 O-O 11. Ndf3 a5 12. Bd3 Be4 13. Qc2 Rfc8 14. Rac1 Nf8 15. Rfd1 Ba3 16. c5 Bxb2 17. Qxb2 Bxd3 18. Nxd3 Ne4 19. Nd2 Nxd2 20. Rxd2 Nd7 21. a3 f6 22. Re2 e5 23. e4 dxe4 24. Rxe4 f5 25. Ree1 e4 26. f3 Re8 27. b4 axb4 28. axb4 Qf6 29. fxe4 fxe4 30. Nf2 e3 31. Ng4 Qf4 32. Qb3+ Kh8 33. Nxe3 Nf6 34. Qd3 Rad8 35. Rcd1 h5 36. h3 Ne4 37. Qf1 Qg5 38. Nf5 Ng3 39. Nxg3 Qxg3 40. Rxe8+ Rxe8 41. Qf2 Qg5 42. b5 cxb5 43. d5 Rc8 44. d6 Rd8 45. d7 1-0


[Site "https://www.chess.com"]

[Event "Titled Tuesday Blitz October 11 Early 2022"]
[White "Vokhidov, Shamsiddin"]
[Black "Janaszak, Dawid"]
[WhiteFideId "14204223"]
[BlackFideId "1119206"]
[WhiteElo "2619"]
[BlackElo "2226"]
[Result "1-0"]
[Round "02"]
[TimeControl "180+1"]
[Date "2022.10.11"]
[WhiteClock "0:00:42"]
[BlackClock "0:00:05"]

1. c4 g6 2. d4 Bg7 3. e4 d6 4. Nc3 Nf6 5. h3 O-O 6. Bg5 c5 7. d5 h6 8. Be3 e6 9. Nf3 exd5 10. cxd5 Re8 11. Nd2 a6 12. a4 Nbd7 13. Be2 Qc7 14. O-O Rb8 15. f4 Nh7 16. e5 f5 17. e6 Ndf6 18. Qc2 b6 19. g4 Bb7 20. gxf5 Nxd5 21. Nxd5 Bxd5 22. fxg6 Nf6 23. f5 b5 24. axb5 axb5 25. Bf3 Qc6 26. Ra7 Ra8 27. Rf7 c4 28. Bd4 Bxf3 29. Nxf3 Rf8 30. Qc3 b4 31. Bxf6 bxc3 32. Rxg7+ Kh8 33. Rh7+ Kg8 34. Rh8# 1-0


[Site "https://www.chess.com"]

[Event "Titled Tuesday Blitz October 11 Early 2022"]
[White "Weetik, Vjacheslav"]
[Black "Lopez, Henry"]
[WhiteFideId "4153472"]
[BlackFideId "5203830"]
[WhiteElo "2469"]
[BlackElo "2177"]
[Result "1-0"]
[Round "02"]
[TimeControl "180+1"]
[Date "2022.10.12"]
[WhiteClock "0:00:05"]
[BlackClock "0:00:14"]

1. d4 d5 2. Bf4 Nf6 3. e3 c5 4. c3 Nc6 5. Nd2 Bf5 6. Ngf3 e6 7. Nh4 Be4 8. Qb3 Qb6 9. f3 Bg6 10. Nxg6 hxg6 11. g4 c4 12. Qc2 Be7 13. Be2 g5 14. Bg3 Qd8 15. e4 Rc8 16. O-O O-O 17. Kh1 b5 18. e5 Nd7 19. f4 gxf4 20. Bxf4 Bg5 21. Bg3 Bh4 22. Rf2 Bxg3 23. hxg3 Qg5 24. Rh2 g6 25. Nf3 Qe3 26. Re1 Kg7 27. Bd1 Qd3 28. Qxd3 cxd3 29. Rd2 Nb6 30. Rxd3 Nc4 31. Re2 b4 32. Kg2 bxc3 33. Rxc3 a5 34. Ba4 Ne7 35. Rec2 Rb8 36. b3 Nb6 37. Bb5 Rfc8 38. Rc7 Kf8 39. Ng5 Rxc7 40. Rxc7 Na8 41. Ra7 Rc8 42. Nh7+ Kg7 43. Rxe7 Rc2+ 44. Kf3 Kxh7 45. Rxf7+ Kh6 46. a4 Nc7 47. Bd3 Rc3 48. Ke2 Ne8 49. Re7 Ng7 50. g5+ Kh7 51. Rb7 Rc1 52. Kd2 Rg1 53. b4 axb4 54. Rxb4 Rxg3 55. a5 Rg2+ 56. Be2 Nf5 57. Rb7+ Kg8 58. Kd3 Rg3+ 59. Kd2 Ra3 60. a6 Ra2+ 61. Ke1 Nxd4 62. Bd3 Nf3+ 63. Kf1 Nxe5 64. Be2 Nc4 65. a7 Nd2+ 66. Kg1 Ne4 67. Rb8+ Kg7 68. a8=Q Rxa8 69. Rxa8 Nxg5 70. Kf2 Kf6 71. Bg4 Ne4+ 72. Ke3 Nc5 73. Ra5 d4+ 74. Kf2 Nd3+ 75. Kg3 Ne5 76. Ra6 Nxg4 77. Kxg4 Ke5 78. Kf3 Kd5 79. Ra5+ Kc4 80. Ke4 Kc3 81. Rc5+ Kb4 82. Kxd4 1-0


[Site "https://www.chess.com"]

[Event "Titled Tuesday Blitz October 11 Early 2022"]
[White "Wieczorek, Oskar"]
[Black "Horak, Martin"]
[WhiteFideId "1133950"]
[BlackFideId "367095"]
[WhiteElo "2404"]
[BlackElo "2091"]
[Result "0-1"]
[Round "02"]
[TimeControl "180+1"]
[Date "2022.10.12"]
[WhiteClock "0:01:32"]
[BlackClock "0:00:54"]

1. e4 e5 2. Nf3 Nc6 3. Nc3 Nf6 4. h3 d5 5. exd5 Nxd5 6. Bb5 Nxc3 7. bxc3 Bd6 8. O-O O-O 9. d4 exd4 10. cxd4 h6 11. c4 Qf6 12. Bb2 Qg6 13. Bxc6 bxc6 14. c5 Bf4 15. Qb3 Be6 16. Qc3 Bd5 17. Rfe1 Rfe8 18. Rxe8+ Rxe8 19. Re1 Rxe1+ 20. Nxe1 Qb1 21. a3 Qd1 0-1


[Site "https://www.chess.com"]

[Event "Titled Tuesday Blitz October 11 Early 2022"]
[White "Winkels, Marcel"]
[Black "Orzech, Dominik"]
[WhiteFideId "1003887"]
[BlackFideId "1115065"]
[WhiteElo "1900"]
[BlackElo "2272"]
[Result "0-1"]
[Round "02"]
[TimeControl "180+1"]
[Date "2022.10.12"]
[WhiteClock "0:00:01"]
[BlackClock "0:00:08"]

1. e4 c6 2. d4 d5 3. exd5 cxd5 4. c4 Nf6 5. Nc3 g6 6. cxd5 Nxd5 7. Bc4 Nb6 8. Bb3 Bg7 9. Nf3 O-O 10. O-O Nc6 11. Be3 Bg4 12. h3 Bf5 13. d5 Na5 14. Bc2 Bxc2 15. Qxc2 Nac4 16. Bg5 Rc8 17. d6 Nxd6 18. Rad1 Nbc4 19. Rfe1 Nxb2 20. Bxe7 Nxd1 21. Bxd8 Rxc3 22. Qxd1 Rxd8 23. Ne5 h6 24. Qd5 Rc7 25. Rd1 Kh7 26. Ng4 Rcd7 27. Qb3 h5 28. Ne3 b6 29. g3 Nb7 30. Rxd7 Rxd7 31. Kg2 Nc5 32. Qc2 Re7 33. Qc4 Rd7 34. Nd5 Rd6 35. Ne7 Rd7 36. Qxf7 Rd6 37. Qg8+ Kh6 38. Qf7 Rf6 39. Qd5 Re6 40. Nc6 Rf6 0-1


[Site "https://www.chess.com"]